Map: Scythe of Amon

Players

LilArrin

  • Race: Protoss Protoss
  • Spawn Location: 5:00

LilArrin

  • Race: Protoss Protoss
  • Spawn Location: 5:00

VOD

Have the link to the VOD?

Description

Time

  • Played on: Feb. 17, 2018, 1:46 a.m.
  • Length: 16:35
Show
View Real Time Build Order
Export as new Build Order

LilArrin Protoss 

Build Orders:  

Get SALT Encoding   

  12  0:02  Probe (Chrono Boost)  
  13  0:16  Probe (Chrono Boost)  
  14  0:25  Pylon  
  14  0:31  Probe (Chrono Boost)  
  15  0:49  Probe (Chrono Boost)  
  15  0:52  Gateway  
  16  1:03  Probe (Chrono Boost)  
  16  1:08  Assimilator  
  17  1:17  Probe (Chrono Boost)  
  18  1:24  Assimilator  
  18  1:31  Probe (Chrono Boost)  
  19  1:45  Probe (Chrono Boost)  
  20  1:59  Cybernetics Core, Probe (Chrono Boost)  
  21  2:08  Pylon  
  21  2:13  Probe (Chrono Boost)  
  22  2:27  Probe (Chrono Boost)  
  23  2:40  Probe (Chrono Boost)  
  24  2:52  Robotics Facility  
  24  2:53  Warp Gate  
  24  2:54  Probe (Chrono Boost)  
  25  3:08  Probe (Chrono Boost)  
  26  3:13  Death Council  
  26  3:22  Probe (Chrono Boost)  
  27  3:32  Gateway  
  27  3:37  Probe (Chrono Boost)  
  28  3:48  Warp Prism  
  28  3:52  Probe (Chrono Boost)  
  31  4:12  Pylon  
  31  4:23  Robotics Bay  
  31  4:30  Phasing Armor, Pylon  
  31  5:10  Pylon  
  31  5:15  Gateway  
  31  5:41  Aerial Tracking  
  31  5:46  Slayer  
  31  5:48  Slayer  
  35  5:55  Warp Prism  
  35  6:00  Blink  
  35  6:03  Pylon  
  35  6:20  Pylon  
  35  6:25  Wraithwalker  
  41  6:59  Rapid Power Cycling  
  41  7:34  Slayer, Gateway  
  41  7:35  Slayer  
  41  7:39  Supplicant x2  
  49  7:53  Pylon  
  49  8:01  Slayer  
  49  8:02  Mothership  
  49  8:03  Supplicant x2  
  49  8:09  Slayer  
  57  8:24  Slayer  
  59  8:38  Slayer  
  61  8:49  Pylon  
  61  9:01  Slayer x2, Pylon  
  65  9:26  Warp Prism  
  65  9:37  Slayer  
  65  9:38  Slayer x2  
  69  9:53  Slayer  
  59  10:26  Wraithwalker  
  65  10:42  Supplicant x4  
  71  11:18  Pylon  
  69  11:28  Pylon  
  67  11:32  Slayer  
  67  11:34  Pylon  
  69  11:41  Wraithwalker  
  69  11:52  Pylon  
  63  12:01  Slayer  
  63  12:02  Slayer  
  63  12:03  Warp Prism  
  65  12:16  Supplicant x2  
  67  12:31  Havoc  
  68  12:46  Slayer  
  68  12:47  Supplicant x2  
  74  13:08  Pylon  
  74  13:12  Pylon  
  70  13:20  Mothership  
  63  13:41  Pylon  
  63  13:45  Wraithwalker  
  69  14:00  Warp Prism  
  69  14:04  Slayer  
  69  14:05  Supplicant x2  
  75  14:21  Supplicant x2  
  75  14:24  Pylon  
  77  14:55  Pylon  
  77  15:08  Slayer x2  
  77  15:09  Supplicant x2  
  85  15:38  Pylon  
  77  15:52  Slayer x2  
  68  16:09  Pylon  
Show
View Real Time Build Order
Export as new Build Order

LilArrin Protoss 

Build Orders:  

Get SALT Encoding   

Tags
 
Commander
AlarakFenix
Matchup
Co-op
Replay Pack
Co-op Speedrun
Add a new tag
Caveats
  • Supply blocks, unpowered buildings, or Contaminate may cause inaccurate times.
  • Supply counts are checked every 10 seconds.